Map: 2000 Atmospheres LE

Players

Promethius

  • Race: Terran Terran
  • League: Master

tipu - Winner!

  • Race: Protoss Protoss
  • League: Master

VOD

Have the link to the VOD?

Description

Time

  • Played on: Dec. 22, 2021, 6:44 p.m.
  • Length: 20:33
Show
View Real Time Build Order
Export as new Build Order

Promethius Terran 

Build Orders:  

Get SALT Encoding   

  12  0:00  SCV  
  13  0:12  SCV  
  14  0:17  Supply Depot  
  14  0:24  SCV  
  15  0:38  SCV  
  15  0:41  Barracks  
  16  0:50  SCV  
  16  0:52  Refinery  
  17  1:02  SCV  
  18  1:15  SCV  
  19  1:27  Marine  
  19  1:28  Orbital Command  
  20  1:39  Command Center  
  20  1:47  Supply Depot  
  20  1:51  Barracks Reactor  
  20  1:54  SCV  
  21  2:05  Barracks  
  21  2:08  SCV  
  22  2:17  Barracks  
  22  2:21  SCV  
  23  2:28  Marine x2  
  25  2:33  SCV  
  26  2:45  SCV  
  26  2:46  Marine x2  
  27  3:01  Marine  
  27  3:04  Marine  
  29  3:10  Orbital Command  
  29  3:19  Marine  
  28  3:22  Barracks Tech Lab  
  28  3:24  Barracks Tech Lab  
  28  3:26  Marine, Supply Depot  
  30  3:37  Marine  
  30  3:40  SCV  
  32  3:42  SCV  
  32  3:45  Command Center  
  32  3:48  Stimpack  
  33  3:51  Combat Shield  
  33  3:54  SCV  
  34  3:57  SCV  
  34  4:02  Marine x2  
  37  4:03  Marine  
  37  4:04  Marine  
  39  4:14  Factory  
  39  4:15  SCV  
  40  4:17  SCV  
  40  4:19  Marine  
  40  4:20  Refinery  
  42  4:24  Marine  
  42  4:26  Marine, Refinery  
  42  4:27  SCV  
  42  4:28  Marine  
  42  4:30  SCV  
  47  4:37  Marine  
  48  4:39  SCV  
  48  4:41  Engineering Bay  
  48  4:42  Marine  
  48  4:45  Supply Depot  
  50  4:46  SCV  
  50  4:51  Marine x2  
  53  4:59  Starport  
  53  5:00  Factory Reactor  
  53  5:03  SCV  
  53  5:04  SCV  
  55  5:09  Marine x2  
  55  5:10  SCV  
  58  5:16  Terran Infantry Weapons Level 1  
  58  5:21  Engineering Bay  
  58  5:23  SCV  
  55  5:32  Marine x2  
  55  5:33  Marauder  
  55  5:34  Marine  
  59  5:40  SCV x3  
  62  5:45  Medivac  
  62  5:46  Medivac  
  63  5:54  Planetary Fortress  
  63  5:55  Marine  
  62  6:01  Marauder  
  62  6:04  Marine  
  64  6:13  Marine, Marauder  
  66  6:22  Marine, Marauder  
  57  6:37  Marine, Marauder  
  57  6:39  Marine  
  60  6:40  SCV x2  
  60  6:43  Marauder  
  65  6:47  SCV  
  65  6:52  SCV x2  
  68  6:55  Marine  
  68  6:57  Marine  
  68  6:59  Medivac, SCV  
  73  7:04  Marine, Marauder  
  73  7:06  SCV  
  77  7:13  Supply Depot  
  77  7:22  Terran Infantry Armor Level 1  
  77  7:25  Armory  
  77  7:33  Marine  
  77  7:35  Marauder, SCV x3  
  82  7:38  Marine  
  82  7:39  Marauder  
  84  7:50  Marine  
  82  7:56  Marine  
  82  7:57  Marauder  
  83  8:00  Marauder  
  83  8:08  Marine  
  77  8:14  Marine  
  77  8:18  Marauder  
  64  8:21  Marine  
  64  8:22  SCV x3  
  64  8:26  Marine  
  67  8:29  Barracks  
  67  8:30  Barracks, Terran Infantry Weapons Level 2  
  67  8:32  Barracks, Marine  
  67  8:34  Medivac x2, SCV  
  72  8:37  SCV x2  
  72  8:39  Marauder x2  
  79  8:44  Marine  
  79  8:46  SCV  
  81  8:49  Marine, SCV x2  
  84  8:59  SCV  
  85  9:06  Marine x2, SCV x2  
  85  9:07  Marine, Supply Depot  
  85  9:08  Supply Depot  
  85  9:09  Medivac  
  92  9:10  Command Center  
  92  9:11  Marine  
  92  9:13  Supply Depot  
  93  9:20  Barracks Reactor  
  93  9:24  Barracks Tech Lab  
  93  9:25  Barracks Tech Lab  
  93  9:26  Barracks Tech Lab  
  93  9:28  Marine x2  
  93  9:29  Marauder, SCV  
  93  9:31  Supply Depot  
  98  9:32  Supply Depot  
  98  9:34  Medivac  
  98  9:36  Terran Infantry Armor Level 2  
  98  9:38  Marine  
  101  9:44  Marine x2  
  103  9:46  Marine, SCV  
  103  9:47  Marauder  
  103  9:50  Marauder  
  109  9:57  Supply Depot  
  109  9:58  SCV  
  109  9:59  Supply Depot, SCV  
  111  10:00  Marine  
  111  10:02  Marauder x2  
  116  10:07  Marine x3  
  116  10:08  Marauder  
  121  10:15  Marauder  
  121  10:16  Liberator x2  
  121  10:18  Marine  
  121  10:20  Supply Depot  
  130  10:23  Supply Depot  
  130  10:25  Marine  
  130  10:26  Marine  
  132  10:29  Orbital Command  
  132  10:31  SCV x2  
  132  10:33  SCV  
  137  10:36  Marine, Marauder  
  140  10:43  Marauder, SCV x2  
  140  10:45  Marine, Terran Ship Weapons Level 1  
  140  10:47  SCV  
  140  10:49  Marauder  
  146  10:55  Refinery  
  146  10:56  Refinery  
  145  10:59  Liberator x2  
  149  11:07  Marine x3, Marauder  
  149  11:08  Marine, Marauder x2  
  149  11:11  Marauder  
  159  11:25  Marine x3, SCV x3  
  162  11:26  Marine, SCV  
  162  11:29  Marauder x3  
  162  11:31  Marine  
  174  11:37  SCV x2  
  174  11:38  SCV  
  177  11:42  Liberator  
  180  11:50  Supply Depot  
  180  12:04  Marine  
  180  12:05  Marine  
  180  12:07  Marine  
  180  12:12  Marine, Marauder x2, Liberator  
  180  12:13  Marauder x2  
  187  12:21  Marine  
  184  12:23  Marine  
  184  12:25  Marine  
  184  12:29  Marine  
  170  12:33  Marine x2, Marauder  
  170  12:34  Marauder  
  147  12:39  Marine  
  147  12:41  Marine  
  147  12:42  Marine  
  138  12:47  Marine  
  141  12:51  Marauder  
  141  12:52  Marauder  
  141  12:54  Marine  
  141  12:55  Marine  
  141  12:57  Marine  
  137  12:59  Marine, Orbital Command, Terran Infantry Weapons Level 3  
  137  13:00  Marine  
  137  13:01  Terran Infantry Armor Level 3  
  137  13:05  Marine  
  112  13:12  Marine  
  106  13:13  Marine, Marauder x2  
  106  13:15  Marine  
  106  13:16  Marine  
  106  13:18  Marine, SCV  
  106  13:19  SCV x2  
  115  13:23  Marine  
  116  13:30  Marauder, Liberator x2  
  116  13:31  Marauder, SCV x3  
  116  13:33  Marine x2  
  131  13:34  Marine x2  
  131  13:35  Terran Ship Weapons Level 2  
  131  13:36  Marine  
  131  13:39  SCV  
  131  13:41  Marine  
  136  13:43  SCV x3  
  139  13:50  Marine  
  139  13:51  Command Center, Marine x2  
  139  13:52  Marine x2  
  139  13:53  Marauder  
  139  13:54  Marine  
  147  13:58  Marine  
  148  14:08  Marine  
  145  14:10  Marine x2, Marauder x2  
  145  14:12  Marine  
  145  14:13  Medivac x2  
  145  14:14  Marauder  
  145  14:16  Marine  
  151  14:26  Marine  
  151  14:28  Marine, Marauder  
  151  14:29  Marine  
  151  14:30  Marine x2  
  158  14:34  Marine  
  158  14:42  Marauder  
  158  14:44  Marine  
  156  14:51  Marine x2, Marauder  
  111  15:00  Marine x2, Marauder  
  111  15:02  Marine  
  111  15:03  Marine  
  116  15:09  Marine x2  
  116  15:13  Marauder  
  120  15:17  Marine  
  120  15:18  Marauder  
  120  15:19  Marine  
  120  15:21  Marine, Marauder  
  124  15:23  SCV x3  
  124  15:27  Marine x2  
  130  15:34  Marine  
  130  15:35  Marine  
  129  15:37  Marine  
  129  15:39  Marine x2  
  129  15:42  Marine  
  128  15:44  Marine  
  128  15:45  Marine  
  122  15:52  Marine, Planetary Fortress  
  122  15:53  Marine  
  122  15:55  Marine  
  122  15:56  Marine  
  126  15:57  Marine  
  126  16:00  Marine  
  126  16:02  Marine x2  
  130  16:04  SCV x2  
  130  16:05  SCV  
  130  16:09  Marine  
  130  16:11  Marine  
  134  16:13  Marine, Concussive Shells  
  134  16:15  Marauder x2  
  134  16:18  Marine  
  138  16:20  Marine x2  
  138  16:23  SCV x4  
  143  16:28  Marauder  
  143  16:29  Marine  
  143  16:31  Marine  
  147  16:35  SCV x3  
  147  16:36  Marine x2, Marauder  
  147  16:38  Marine x2  
  156  16:46  Marine  
  157  16:48  Neosteel Armor  
  157  16:49  Hi-Sec Auto Tracking, Marauder  
  157  16:50  Marine  
  162  16:54  Marauder x2  
  162  16:56  SCV x3  
  162  16:57  SCV  
  162  16:58  Marine, Marauder  
  159  17:10  Marauder  
  159  17:12  Marine x2  
  152  17:15  Marauder  
  152  17:16  Marauder  
  153  17:23  Marine x2  
  153  17:26  Marauder  
  154  17:30  Marine x2  
  154  17:31  Marine  
  154  17:37  Marine, Marauder  
  155  17:40  Marine  
  155  17:41  Missile Turret, Marine  
  155  17:42  Missile Turret  
  152  17:45  Terran Vehicle And Ship Armor Level 1  
  152  17:47  Marine, Marauder  
  152  17:48  Marine  
  152  17:50  Marauder  
  158  17:55  Marauder  
  158  17:58  Marine x3  
  152  18:05  Marine x2  
  152  18:08  Marauder  
  152  18:11  Marauder  
  158  18:22  Marine x2  
  156  18:32  Marine x2, Marauder  
  156  18:38  Marine x3  
  156  18:40  Marine x2  
  88  18:50  Marine x2  
  88  18:53  Marine  
  91  18:55  Marine  
  91  18:56  Marine x2  
  97  19:08  Marine x2  
  89  19:13  Marine  
  79  19:18  Command Center  
  79  19:19  Marine  
  80  19:27  SCV x2  
  75  19:50  Marine  
  75  19:51  Marine, Marauder  
  63  20:14  Marine  
Show
View Real Time Build Order
Export as new Build Order

tipu Protoss - Winner!

Build Orders: 1 Gate Expand, Blink Stalkers 

Get SALT Encoding   

  12  0:08  Pylon  
  12  0:12  Probe  
  13  0:27  Gateway  
  13  0:30  Probe (Chrono Boost)  
  14  0:38  Probe (Chrono Boost)  
  14  0:41  Assimilator  
  15  0:44  Probe  
  16  0:56  Probe  
  17  1:08  Probe  
  18  1:16  Cybernetics Core  
  18  1:22  Probe  
  19  1:35  Nexus  
  19  1:43  Pylon  
  19  1:50  Assimilator  
  19  1:51  Adept (Chrono Boost)  
  18  1:58  Probe  
  21  2:05  Shield Battery  
  21  2:11  Probe (Chrono Boost), Warp Gate  
  22  2:21  Probe (Chrono Boost)  
  23  2:26  Probe (Chrono Boost)  
  23  2:28  Stalker  
  26  2:45  Twilight Council  
  26  2:51  Probe x2  
  28  3:03  Robotics Facility  
  28  3:07  Stalker  
  30  3:15  Probe (Chrono Boost)  
  30  3:16  Probe (Chrono Boost)  
  32  3:28  Probe (Chrono Boost)  
  32  3:29  Blink (Chrono Boost)  
  32  3:33  Probe (Chrono Boost)  
  34  3:36  Shield Battery  
  34  3:38  Probe (Chrono Boost)  
  35  3:51  Gateway  
  35  3:52  Gateway  
  35  3:55  Observer  
  36  4:04  Probe x2  
  36  4:05  Pylon  
  36  4:09  Stalker  
  41  4:17  Probe (Chrono Boost)  
  41  4:20  Probe (Chrono Boost)  
  42  4:27  Gateway  
  44  4:32  Stalker, Probe (Chrono Boost)  
  44  4:34  Probe (Chrono Boost)  
  44  4:37  Probe (Chrono Boost)  
  46  4:40  Probe (Chrono Boost)  
  48  4:45  Pylon  
  48  4:46  Probe  
  48  4:47  Stalker  
  48  4:48  Assimilator  
  48  4:52  Stalker  
  53  5:02  Pylon  
  53  5:06  Stalker  
  54  5:14  Warp Prism  
  54  5:17  Stalker  
  54  5:19  Pylon  
  59  5:21  Probe x2  
  60  5:33  Probe x2  
  60  5:35  Stalker x3  
  68  5:47  Probe x2  
  70  5:54  Nexus  
  70  5:59  Probe x2  
  72  6:11  Probe x2  
  74  6:23  Probe x2  
  66  6:38  Stalker x3  
  62  6:41  Probe x2 (Chrono Boost)  
  62  6:42  Shield Battery  
  64  6:49  Robotics Bay  
  64  6:50  Probe (Chrono Boost)  
  64  6:51  Probe (Chrono Boost)  
  64  6:52  Forge  
  64  6:53  Forge  
  66  6:54  Stalker  
  66  6:55  Assimilator, Probe x2 (Chrono Boost)  
  66  7:00  Observer  
  71  7:07  Probe x2  
  71  7:08  Probe  
  74  7:14  Stalker x3  
  80  7:19  Pylon, Probe x2, Charge  
  80  7:21  Observer  
  83  7:24  Pylon  
  83  7:25  Pylon  
  83  7:26  Stalker, Pylon  
  85  7:37  Stalker x2  
  85  7:38  Stalker  
  91  7:45  Probe x2  
  91  7:47  Probe  
  94  7:55  Stalker  
  94  7:57  Probe  
  95  8:00  Colossus  
  95  8:03  Probe x2  
  93  8:06  Stalker  
  92  8:19  Protoss Ground Weapons Level 1 (Chrono Boost), Probe x2 (Chrono Boost)  
  92  8:25  Probe (Chrono Boost)  
  93  8:31  Probe (Chrono Boost)  
  95  8:35  Protoss Ground Armor Level 1 (Chrono Boost)  
  95  8:36  Probe (Chrono Boost)  
  95  8:37  Probe (Chrono Boost)  
  95  8:39  Probe (Chrono Boost)  
  97  8:41  Probe (Chrono Boost)  
  97  8:42  Assimilator  
  97  8:43  Probe (Chrono Boost)  
  97  8:44  Assimilator  
  97  8:45  Probe  
  100  8:51  Probe  
  100  8:55  Probe  
  102  8:57  Probe  
  103  9:07  Pylon, Adept x2  
  107  9:11  Robotics Bay  
  107  9:16  Zealot x2  
  111  9:18  Probe x2  
  113  9:24  Gateway x2  
  113  9:30  Gateway  
  113  9:32  Gateway  
  113  9:33  Gateway  
  113  9:34  Gateway  
  113  9:38  Pylon  
  113  9:39  Nexus  
  113  9:41  Shield Battery  
  113  9:42  Pylon  
  113  9:43  Photon Cannon  
  113  9:46  Pylon  
  113  9:48  Gateway  
  113  9:49  Gateway  
  113  9:50  Zealot x3  
  113  9:51  Zealot  
  121  9:57  Observer  
  121  9:59  Extended Thermal Lance  
  121  10:01  Robotics Facility, Observer  
  121  10:03  Colossus  
  126  10:11  Zealot x3  
  126  10:14  Zealot  
  134  10:17  Probe  
  134  10:18  Probe x2  
  137  10:31  Protoss Ground Armor Level 2 (Chrono Boost), Protoss Ground Weapons Level 2 (Chrono Boost)  
  137  10:32  Adept x2  
  141  10:37  Dark Shrine  
  141  10:43  Stalker x3  
  141  10:47  Pylon  
  141  10:48  Pylon  
  147  10:51  Probe x3  
  147  10:52  Probe  
  151  11:05  Resonating Glaives  
  151  11:06  Disruptor x2  
  153  11:25  Adept x4  
  155  11:32  Zealot x7  
  167  11:33  Zealot  
  167  11:36  Pylon  
  167  11:37  Pylon  
  177  11:42  Warp Prism  
  177  11:43  Observer  
  180  11:56  Pylon  
  179  12:03  Stalker  
  179  12:04  Stalker x8  
  189  12:20  Stalker x2  
  168  12:33  Zealot  
  168  12:34  Zealot x8  
  128  12:47  Stalker x3, Disruptor  
  128  12:48  Disruptor  
  134  12:58  Stalker x2  
  134  12:59  Stalker x6  
  120  13:20  Nexus  
  120  13:22  Pylon  
  120  13:24  Photon Cannon  
  120  13:26  Photon Cannon  
  120  13:27  Shadow Stride  
  120  13:28  Shield Battery  
  120  13:36  Disruptor x2, Templar Archives, Protoss Ground Weapons Level 3 (Chrono Boost)  
  120  13:37  Protoss Ground Armor Level 3 (Chrono Boost)  
  126  13:55  Zealot x5  
  136  14:03  Adept x2  
  136  14:04  Observer  
  140  14:19  Disruptor x2  
  140  14:22  Stalker x5  
  140  14:23  Stalker x3  
  158  14:29  Adept x2  
  141  15:04  Stalker  
  141  15:05  Stalker x11  
  165  15:15  Probe x2  
  165  15:16  Probe x2  
  165  15:17  Assimilator  
  165  15:18  Assimilator  
  169  15:21  Nexus  
  160  15:43  Disruptor x2  
  150  15:56  Pylon  
  150  15:59  Shield Battery  
  150  16:00  Zealot x11  
  172  16:17  Protoss Shields Level 1 (Chrono Boost)  
  172  16:19  Colossus  
  174  16:29  Photon Cannon  
  174  16:30  Photon Cannon  
  174  16:32  Photon Cannon  
  174  16:39  Stalker  
  176  16:40  Stalker x3, Zealot x4  
  176  16:41  Zealot x2  
  176  16:42  Assimilator  
  176  16:44  Assimilator  
  194  16:51  Dark Templar x2  
  198  17:14  Zealot  
  198  17:15  Zealot  
  191  17:55  Nexus  
  191  17:58  Nexus  
  158  18:26  Zealot  
  156  18:27  Zealot x9  
  134  18:46  Pylon  
  134  18:48  Pylon  
  133  18:55  Pylon  
  133  18:57  Pylon  
  133  18:58  Adept  
  133  18:59  Adept  
  137  19:08  Pylon  
  133  19:11  Pylon  
  133  19:13  Adept  
  133  19:14  Adept  
  135  19:18  Probe x4  
  137  19:30  Probe  
  132  19:50  Probe x5  
  124  20:02  Probe x3  
  125  20:15  Assimilator x2  
  125  20:17  Assimilator  
  125  20:19  Unknown  
  125  20:22  Assimilator  
  125  20:26  Photon Cannon  
  125  20:28  Photon Cannon  
  125  20:30  Photon Cannon  
  125  20:32  Shield Battery  
Tags
 
Add a new tag
Caveats
  • Supply blocks, unpowered buildings, or Contaminate may cause inaccurate times.
  • Supply counts are checked every 10 seconds.